 Dungeon Crawl Stone Soup version 0.30.1-4-g462c640d31 (webtiles) character file.

Game seed: 1053056889935650834

4157 knees the Basher (level 10, -5/86 HPs)
             Began as a Minotaur Fighter on Aug 22, 2023.
             Slain by a manticore (9 damage)
             ... on level 8 of the Dungeon.
             The game lasted 00:33:46 (7342 turns).

knees the Basher (Minotaur Fighter)                 Turns: 7342, Time: 00:33:47

Health: -5/86      AC: 21    Str: 25    XL:     10   Next: 7%
Magic:  9/9        EV: 10    Int: 11    God:
Gold:   556        SH:  6    Dex: 16    Spells: 9/9 levels left

rFire   + . .        y - +0 mace (protect)
rCold   + . .        c - +0 buckler
rNeg    . . .        x - +0 chain mail
rPois   +            (helmet restricted)
rElec   +            b - scarf of the Lich-sworn {rC+ rF+, rElec rPois}
rCorr   .            E - +1 pair of gloves
SInv    .            (no boots)
Will    .....        (no amulet) Stlth
                     s - +6 ring of intelligence
HPRegen 0.34/turn    f - +6 ring of dexterity
MPRegen 0.11/turn

%: no passive effects
@: under a protective aura
A: horns 2, retaliatory headbutt
a: no special abilities


You were on level 8 of the Dungeon.
You visited 1 branch of the dungeon, and saw 8 of its levels.

You collected 556 gold pieces.

Inventory:

Hand Weapons
 a - a +0 flail
 y - a +0 mace of protection (weapon)
Armour
 b - the scarf of the Lich-sworn (worn) {rC+ rF+, rElec rPois}
   (You acquired it on level 3 of the Dungeon)

   rElec:     It insulates you from electricity.
   rPois:     It protects you from poison.
 c - a +0 buckler (worn)
 j - a +2 cloak of willpower
 x - a +0 chain mail (worn)
 E - a +1 pair of gloves (worn)
 H - a scarf of invisibility
Magical Staves
 D - a staff of air
Jewellery
 f - a +6 ring of dexterity (right hand)
 s - a +6 ring of intelligence (left hand)
 G - the ring "Toneif" {Ice rN+}
   (You found it on level 8 of the Dungeon)

   [ring of ice]

   It enhances your ice magic.
   rF:        It makes you vulnerable to fire.
   rC:        It protects you from cold.
   rN:        It protects you from negative energy.
Wands
 h - a wand of light (11)
 B - a wand of flame (42)
Scrolls
 g - a scroll of amnesia
 l - 2 scrolls of silence
 m - a scroll of poison
 n - 2 scrolls of fog
 o - a scroll of noise
 p - 4 scrolls of teleportation
 q - 3 scrolls of vulnerability
 t - a scroll of torment {unknown}
 u - a scroll of enchant weapon {unknown}
 v - a scroll of fear {unknown}
 w - a scroll of enchant armour
 C - 3 scrolls of identify
Potions
 d - 3 potions of might
 e - 2 potions of degeneration
 i - 4 potions of curing
 k - a potion of berserk rage {unknown}
 r - a potion of brilliance {unknown}
 z - 2 potions of heal wounds
 A - 2 potions of mutation
 F - 2 potions of ambrosia {unknown}


   Skills:
 + Level 7.6 Fighting
 + Level 10.4 Maces & Flails
 + Level 10.3 Armour
 + Level 3.4 Dodging
 + Level 1.5 Stealth
 + Level 7.4 Shields


You had 9 spell levels left.
You didn't know any spells.
Your spell library contained the following spells:

 Spells                   Type           Power      Damage    Failure   Level
 Beastly Appendage        Tmut           0%         N/A       86%         1
 Wereblood                Tmut           0%         N/A       94%         2
 Inner Flame              Hex/Fire       0%         N/A       99%         3
 Spider Form              Tmut/Pois      0%         N/A       99%         3
 Summon Guardian Golem    Hex/Summ       0%         N/A       99%         3
 Yara's Violent Unravell  Hex/Tmut       0%         3d3       100%        5
 Enfeeble                 Hex            0%         N/A       100%        7
 Malign Gateway           Summ/Tloc      0%         N/A       100%        7
 Orb of Destruction       Conj           0%         9d5       100%        7
 Spellforged Servitor     Conj/Summ      0%         N/A       100%        7
 Summon Horrible Things   Summ           0%         N/A       100%        8


Dungeon Overview and Level Annotations

Branches:
Dungeon (8/15)             Temple (0/1) D:7
   Lair: D:8-11

Altars:
Hepliaklqana
Nemelex Xobeh
Trog
Uskayaw
Xom

Shops:
D:5 *


Innate Abilities, Weirdness & Mutations

You have a pair of horns on your head.
You reflexively headbutt those who attack you in melee.


Message History

You hit the manticore. Your headbutt misses the manticore.
The manticore is lightly wounded.
You carefully extract the barbed spikes from your body.
You thump the manticore! Your headbutt misses the manticore.
The manticore is moderately wounded.
The manticore bites you but does no damage.
The manticore claws you but does no damage.
The manticore misses you.
You sock the manticore!
The manticore is heavily wounded.
The manticore bites you!
The manticore claws you but does no damage.
You block the manticore's attack.
You barely miss the manticore.
The manticore is heavily wounded.
The manticore barely misses you. The manticore claws you.
* * * LOW HITPOINT WARNING * * *
You block the manticore's attack.
You hit the manticore. You headbutt the manticore!
The manticore is severely wounded.
The manticore bites you!
* * * LOW HITPOINT WARNING * * *
The manticore claws you but does no damage. x2
You hit the manticore. You headbutt the manticore!
The manticore is almost dead.
The manticore closely misses you. The manticore claws you!
* * * LOW HITPOINT WARNING * * *
The manticore claws you but does no damage.
You hit the manticore but do no damage.
The manticore is almost dead.
The manticore closely misses you. You furiously retaliate!
You headbutt the manticore, but do no damage.
The manticore claws you but does no damage. x2
You hit the manticore but do no damage.
The manticore is almost dead.
You hit the manticore but do no damage.
You headbutt the manticore, but do no damage.
The manticore is almost dead.
You block the manticore's attack. The manticore claws you!
You die...

#.#############.# #.# ... #.#
##### #.#.##. ######'##
....######'#.##. #.......#
###..........##. #.......#
#..........##. #.......##
#...[......##. ##.......#
##.........##H####.....#.#
#.........##.@........#.######
####.........#######..).<..#.....
.......##+##.#######.#######.##..
#####>.............)..........'..
<...#.......####...############..
....#.......+....................
#####.......##....Y..###########.
............###.....##.....#####.
########.........................


You could see a manticore.

Vanquished Creatures
  Grinder (D:4)
  A hornet (D:5)
  A wyvern (D:8)
  Eustachio (D:4)
  5 yaks (D:8)
  A steam dragon (D:8)
  Menkaure (D:4)
  Duvessa (D:5)
  2 sky beasts
  A black bear (D:6)
  2 ogres
  2 centaurs (D:6)
  3 phantoms
  4 bullfrogs
  A gnoll sergeant (D:8)
  4 scorpions
  Dowan (D:5)
  2 vampire bats (D:4)
  6 hounds
  A jelly (D:5)
  Crazy Yiuf (D:4)
  5 orc priests
  2 sleepcaps
  2 orc wizards
  3 iguanas
  Robin (D:4)
  3 gnolls (D:8)
  8 adders
  A shadow imp (D:7)
  A white imp (D:8)
  2 ufetubi (D:5)
  2 worms
  25 orcs
  8 ball pythons
  7 endoplasms
  3 giant cockroaches
  12 goblins
  13 hobgoblins
  4 jackals
  3 quokkas
  9 bats
  2 frilled lizards
  7 kobolds
  5 rats
170 creatures vanquished.

Vanquished Creatures (collateral kills)
  A centaur (D:8)
  A shadow imp (D:8)
2 creatures vanquished.

Grand Total: 172 creatures vanquished

Notes
Turn   | Place    | Note
-------+----------+-------------------------------------------
     0 | D:1      | knees the Minotaur Fighter began the quest for the Orb.
     0 | D:1      | Reached XP level 1. HP: 19/19 MP: 0/0
   230 | D:1      | Found a faded altar of an unknown god.
   517 | D:1      | Reached XP level 2. HP: 27/27 MP: 1/1
  1146 | D:2      | Reached XP level 3. HP: 33/33 MP: 2/2
  1688 | D:2      | Reached XP level 4. HP: 28/41 MP: 3/3
  1857 | D:3      | Found a transporter.
  2139 | D:3      | Found a hazy altar of Hepliaklqana.
  2325 | D:3      | Found a bloodstained altar of Trog.
  2337 | D:3      | Found a transporter.
  2360 | D:3      | Identified a scroll of acquirement
  2360 | D:3      | Acquired the scarf of the Lich-sworn {rC+ rF+, rElec rPois}
  2627 | D:4      | Noticed Robin
  2738 | D:4      | Noticed a bullfrog
  2742 | D:4      | Reached XP level 5. HP: 46/47 MP: 4/4
  2748 | D:3      | Reached skill level 5 in Maces & Flails
  2842 | D:4      | Reached skill level 5 in Fighting
  2907 | D:4      | Noticed an ogre
  2922 | D:5      | Entered Level 5 of the Dungeon
  2931 | D:5      | Reached skill level 5 in Armour
  2931 | D:5      | Reached XP level 6. HP: 56/56 MP: 5/5
  2932 | D:5      | Noticed a hornet
  2939 | D:4      | Reached skill level 1 in Dodging
  3040 | D:4      | Noticed Grinder
  3057 | D:4      | Noticed Eustachio
  3058 | D:4      | Paralysed by Grinder for 3 turns
  3063 | D:4      | Killed Grinder
  3064 | D:4      | Reached XP level 7. HP: 34/61 MP: 6/6
  3096 | D:4      | Killed Eustachio
  3207 | D:4      | Killed Robin
  3461 | D:4      | Noticed Menkaure
  3809 | D:4      | Killed Menkaure
  3810 | D:4      | Reached XP level 8. HP: 39/70 MP: 7/7
  4001 | D:4      | Found a runed translucent door.
  4002 | D:4      | Noticed Crazy Yiuf
  4013 | D:4      | Killed Crazy Yiuf
  4216 | D:5      | Noticed Dowan
  4216 | D:5      | Noticed Duvessa
  4225 | D:5      | Killed Duvessa
  4226 | D:5      | Reached skill level 5 in Shields
  4236 | D:5      | Killed Dowan
  4363 | D:5      | Found a sparkling altar of Nemelex Xobeh.
  4465 | D:5      | Killed a hornet
  4823 | D:5      | Found Jinie's Overcharged Wands.
  5230 | D:6      | Reached XP level 9. HP: 55/78 MP: 8/8
  5510 | D:6      | Reached skill level 1 in Stealth
  5705 | D:6      | Found a shimmering altar of Xom.
  5873 | D:7      | Found a staircase to the Ecumenical Temple.
  6665 | D:8      | Found a hide-covered altar of Uskayaw.
  6787 | D:8      | Reached skill level 10 in Maces & Flails
  6968 | D:8      | Identified the ring "Toneif" {Ice rN+}
  7006 | D:8      | Reached skill level 10 in Armour
  7021 | D:8      | Reached XP level 10. HP: 20/86 MP: 9/9
  7326 | D:8      | Noticed a manticore
  7339 | D:8      | HP: 3/86 [manticore (7)]
  7342 | D:8      | Slain by a manticore

Illustrated notes

Levels and vault maps discovered:
D:1:      nicolae_arrival_washed_ashore, layout_loops_corners,
          chequers_ecumenical_altar_twisty
D:2:      layout_basic
D:3:      layout_basic, nzn_hepliaklqana_mist_gate,
          gammafunk_temple_overflow_arena, serial_corexii_hall,
          chequers_hall_statues_y, corexii_hall_statues_s
D:4:      layout_cave_pools, roderic_batcave, uniq_eustachio, uniq_robin,
          uniq_menkaure, uniq_crazy_yiuf_cottage, uniq_grinder
D:5:      layout_cave_pools, nemelex_spade_bored_becter,
          nicolae_shop_overcharged_wands, uniq_duvessa
D:6:      layout_gridville, tgw_xom
D:7:      layout_basic, minmay_temple_entry_ruins
D:8:      layout_basic, mainiacjoe_overflow_catwalk

Skill      XL: |  1  2  3  4  5  6  7  8  9 |
---------------+----------------------------+-----
Fighting       | 4 5 6 7 |  7.6
Armour         | 4 5 7 8 10 | 10.3
Maces & Flails | 3 4 5 6 7 8 10 | 10.4
Shields        | 4 6 7 |  7.4
Dodging        | 1 2 3 |  3.4
Stealth        | 1 |  1.5

Action                     |  1- 3 |  4- 6 |  7- 9 | 10-12 || total
---------------------------+-------+-------+-------+-------++-------
  Melee: Flail             |    75 |    82 |    34 |       ||   191
         Headbutt          |     9 |    11 |    79 |     5 ||   104
         Mace              |       |       |   349 |    25 ||   374
    Use: Scroll            |       |     4 |    10 |       ||    14
         Potion            |       |     1 |       |     1 ||     2
 Armour: Scale mail        |    28 |    14 |       |       ||    42
         Chain mail        |       |    32 |   249 |    22 ||   303
  Dodge: Dodged            |    31 |    42 |   178 |    14 ||   265
  Block: Buckler           |    16 |    22 |   110 |    10 ||   158
